Map: Ulrena

Players

lesha

  • Race: Terran Terran
  • League: Silver

Visard - Winner!

  • Race: Zerg Zerg
  • League: Silver

VOD

Have the link to the VOD?

Description

Time

  • Played on: Dec. 29, 2015, 8:13 a.m.
  • Length: 6:46
Show
View Real Time Build Order
Export as new Build Order

lesha Terran 

Build Orders:  

Get SALT Encoding   

  12  0:01  SCV  
  13  0:13  SCV  
  14  0:18  Supply Depot  
  14  0:25  SCV  
  15  0:39  SCV  
  15  0:42  Barracks  
  16  0:48  Refinery  
  16  0:52  SCV  
  17  1:04  SCV  
  18  1:16  SCV  
  19  1:32  Reaper  
  20  1:33  Orbital Command  
  20  1:38  Refinery  
  20  1:45  Barracks  
  20  2:00  SCV  
  20  2:01  Supply Depot  
  21  2:12  SCV  
  21  2:13  Factory  
  22  2:43  SCV  
  23  2:47  Barracks Reactor  
  23  2:50  Command Center  
  23  2:54  Barracks Reactor  
  23  2:55  SCV  
  24  2:59  Starport, Factory Reactor  
  24  3:06  Bunker  
  24  3:07  SCV  
  25  3:21  Barracks  
  25  3:26  Marine x2  
  27  3:35  Marine x2  
  31  3:42  Hellion  
  31  3:43  Starport Reactor  
  31  3:57  Supply Depot  
  31  4:01  Hellion, Marine x2  
  35  4:03  Marine  
  35  4:07  Supply Depot, Marine  
  36  4:25  SCV  
  37  4:33  Marine x4  
  37  4:35  Barracks Tech Lab  
  37  4:37  SCV  
  42  4:40  Widow Mine  
  32  5:02  Marine x3  
  32  5:04  Medivac  
  36  5:08  Barracks Reactor  
  35  5:19  Marine  
  36  5:29  SCV  
  36  5:32  Marine x2  
  39  5:37  Marine  
  39  5:41  SCV  
  35  5:57  Supply Depot  
  35  5:59  Supply Depot  
  35  6:07  Supply Depot  
  35  6:17  Marine x3  
  39  6:18  Marine  
  39  6:19  Hellion x2  
Show
View Real Time Build Order
Export as new Build Order

Visard Zerg - Winner!

Build Orders: Pool First, Zergling Baneling 

Get SALT Encoding   

  12  0:04  Drone  
  13  0:08  Drone  
  14  0:27  Spawning Pool  
  13  0:29  Drone  
  13  0:34  Extractor  
  14  0:35  Drone  
  14  0:52  Overlord x2  
  14  1:13  Drone x2  
  14  1:14  Queen  
  18  1:40  Drone x3  
  18  1:42  Baneling Nest  
  18  1:43  Extractor  
  19  2:00  Metabolic Boost  
  19  2:06  Drone x2  
  21  2:27  Zergling x2  
  21  2:28  Zergling x2  
  23  2:30  Hatchery  
  22  2:44  Zergling x2  
  22  2:45  Zergling x4  
  25  2:57  Drone  
  26  3:16  Lair  
  26  3:23  Drone x2  
  26  3:25  Zergling x4  
  30  3:27  Overlord  
  30  3:34  Overlord  
  30  3:51  Drone  
  30  3:53  Queen  
  33  4:02  Drone  
  34  4:03  Zergling x2  
  34  4:04  Zergling x6  
  38  4:13  Drone x2  
  40  4:20  Baneling  
  40  4:21  Baneling x10  
  40  4:23  Baneling  
  40  4:25  Baneling  
  40  4:27  Baneling  
  30  5:03  Zergling x12  
  30  5:05  Zergling x2  
  30  5:06  Zergling x14  
  43  5:38  Zergling x8  
  43  5:39  Zergling x4  
  43  5:40  Zergling x2  
  43  5:41  Drone  
  43  5:42  Drone  
  51  5:50  Baneling x4  
  50  6:01  Baneling  
  50  6:02  Baneling x10  
  49  6:12  Zergling x2  
  49  6:13  Zergling x2  
  49  6:14  Overlord  
Tags
 
Add a new tag
Caveats
  • Supply blocks, unpowered buildings, or Contaminate may cause inaccurate times.
  • Supply counts are checked every 10 seconds.